 Dungeon Crawl Stone Soup version 0.13-a0-1536-gedae9ec (webtiles) character file.

135 Kae the Sneak (level 3, -6/16 HPs)
             Began as a Spriggan Enchanter on June 9, 2013.
             Mangled by Sigmund
             ... wielding a +0,+0 scythe
              (10 damage)
             ... on Level 2 of the Dungeon.
             The game lasted 00:02:33 (1477 turns).

Kae the Sneak (Spriggan Enchanter)                  Turns: 1477, Time: 00:02:33

HP  -6/16        AC  3     Str  5      XL: 3   Next: 50%
MP   4/9         EV 18     Int 16      God:
Gold 87          SH  0     Dex 16      Spells:  2 memorised,  3 levels left

Res.Fire  : . . .   See Invis. : +   a - +1 dagger {=f}
Res.Cold  : . . .   Warding    : .   b - +1 robe
Life Prot.: . . .   Conserve   : .   (shield restricted)
Res.Poison: .       Res.Corr.  : .   (helmet restricted)
Res.Elec. : .       Clarity    : .   (no cloak)
Sust.Abil.: . .     Spirit.Shd : .   (gloves unavailable)
Res.Mut.  : .       Stasis     : .   (boots unavailable)
Res.Rott. : .       Flight     : .   (no amulet)
Saprovore : . . .                    (no ring)
                                     (no ring)

@: very quick, slightly resistant to hostile enchantments, quite stealthy
A: unfitting armour, see invisible, herbivore 3, speed 3, slow metabolism 2
a: no special abilities


You were on level 2 of the Dungeon.
You were not hungry.

You visited 1 branch of the dungeon, and saw 2 of its levels.

You collected 67 gold pieces.

Inventory:

Hand weapons
 a - a +1,+1 dagger (weapon) {=f}
Missiles
 d - 13 darts (quivered)
Armour
 b - a +1 robe (worn)
Comestibles
 i - an apple
 j - a banana
 k - a bread ration
Scrolls
 f - 3 scrolls of identify {unknown}
 g - a scroll of curse weapon {unknown}
 h - 3 scrolls of remove curse {unknown}
 m - a scroll of curse armour {unknown}
 n - a scroll of amnesia {unknown}
Potions
 e - a potion of porridge
 o - a potion of agility {unknown}
Books
 c - a book of Maledictions

   Spells                             Type                      Level
   *Corona                            Hexes                        1
   Sure Blade                         Hexes/Charms                 2
   *Ensorcelled Hibernation           Hexes/Ice                    2
   Confuse                            Hexes                        3
   Enslavement                        Hexes                        4
   Invisibility                       Hexes                        6


   Skills:
 * Level 2.4 Short Blades
 - Level 1.1 Throwing
 - Level 3.0 Dodging
 + Level 4.0 Stealth
 + Level 2.2 Spellcasting
 + Level 3.9 Hexes


You had 3 spell levels left.
You knew the following spells:

 Your Spells              Type           Power        Failure   Level  Hunger
a - Corona                Hex            ##.....      4%          1    #......
b - Ensorcelled Hibernat  Hex/Ice        #.....       14%         2    ##.....


Dungeon Overview and Level Annotations

Branches:
Dungeon (2/27)

Altars:

Annotations
D:2 Jessica, Sigmund


Innate Abilities, Weirdness & Mutations

You are tiny and cannot use many weapons and most armour.
You have supernaturally acute eyesight.
You are a herbivore.
You cover ground extremely quickly.
You need consume almost no food.


Message History

Aiming: Ensorcelled Hibernation
Press: ? - help, Shift-Dir - straight line, f/p - Sigmund
Aim: Sigmund, wielding a scythe and wearing a robe (severely wounded) Sigmund resists with some effort.
Casting: Ensorcelled Hibernation
Confirm with . or Enter, or press ? or * to list all spells.
Aiming: Corona
Press: ? - help, Shift-Dir - straight line, f/p - Sigmund
Aim: Sigmund, wielding a scythe and wearing a robe (severely wounded) Sigmund is outlined in light.
Sigmund barely misses you.
You hit Sigmund.
Sigmund is almost dead.
Sigmund points at you and mumbles some strange words.
The magic dart hits you!
* * * LOW HITPOINT WARNING * * *
You hit Sigmund but do no damage.
Sigmund is almost dead.
Sigmund hits you with a scythe!
Ouch! That really hurt!
You die...

.......<..#####.##
######...........#
#.%.............####
............?......>.
##................#..
#.###...##++##...# #.
#...# #...# #. #...#
#.?@# # #...# #.@##
#...# #..#
#...######..#
#.....%.....#
...................#
###################


You could see Sigmund.

Vanquished Creatures
  2 adders (D:2)
  2 worms (D:2)
  A giant cockroach (D:2)
  2 goblins (D:1)
  3 hobgoblins
  2 jackals (D:2)
  2 bats
  A giant newt (D:1)
  3 kobolds (D:1)
  A rat (D:1)
19 creatures vanquished.

Notes
Turn   | Place    | Note
--------------------------------------------------------------
     0 | D:1      | Kae, the Spriggan Enchanter, began the quest for the Orb.
     0 | D:1      | Reached XP level 1. HP: 9/9 MP: 4/4
   336 | D:1      | Reached XP level 2. HP: 8/13 MP: 6/6
   504 | D:2      | Noticed Jessica
   908 | D:2      | Learned a level 2 spell: Ensorcelled Hibernation
  1000 | D:2      | Reached XP level 3. HP: 14/16 MP: 2/9
  1102 | D:2      | Reached skill level 4 in Stealth
  1398 | D:2      | Noticed Sigmund
  1477 | D:2      | Mangled by Sigmund

Action                   || total
-------------------------++-------
Melee: Dagger            ||    91
 Cast: Ensorcelled Hiber ||    12
       Corona            ||     3
  Use: Potion            ||     5
 Stab: Sleeping          ||    11
